 Dungeon Crawl Stone Soup version 0.25-a0-190-g27fffb8c76 (console) character file.

Game seed: 1583611374276942864, levelgen mode: deterministic

18665 Kagalorn the Unseen (level 12, -3/62 HPs)
             Began as a Spriggan Enchanter on Nov 30, 2019.
             Was an Initiate of Gozag.
             Slain by a catoblepas (24 damage)
             ... on level 2 of the Lair of Beasts.
             The game lasted 00:49:46 (13590 turns).

Kagalorn the Unseen (Spriggan Enchanter)           Turns: 13590, Time: 00:49:47

Health: -3/62      AC:  2    Str:  4    XL:     12   Next: 29%
Magic:  26/27      EV: 27    Int: 28    God:    Gozag
Gold:   2525       SH:  7    Dex: 16    Spells: 22/31 levels left

rFire    . . .     SeeInvis +   a - +2 short sword (elec)
rCold    . . .     Gourm    .   y - +0 buckler
rNeg     . . .     Faith    .   N - +0 robe
rPois    .         Spirit   .   (helmet restricted)
rElec    .         Reflect  .   (no cloak)
rCorr    .         Harm     .   (gloves unavailable)
MR       ++...                  (boots unavailable)
Stlth    ++++++....             o - amulet of regeneration
HPRegen  0.60/turn              I - +6 ring of intelligence
MPRegen  0.20/turn              J - +2 ring of evasion

@: confusing touch, very slightly contaminated, very quick
A: very small, unfitting armour, see invisible, herbivore, speed 3, slow
metabolism 2
a: Potion Petition, Call Merchant, Bribe Branch, Renounce Religion


You were on level 2 of the Lair of Beasts.
You worshipped Gozag.
Gozag was most pleased with you.
You were very hungry.

You visited 3 branches of the dungeon, and saw 14 of its levels.
You also visited: Sewer.

You collected 2624 gold pieces.
You paid 99 gold pieces to Gozag.

Inventory:

Hand Weapons
 a - a +2 short sword of electrocution (weapon)
 b - a +3 scimitar of flaming
 Q - a +0 shortbow
Missiles
 c - 411 stones
 e - 65 bolts
 n - 224 sling bullets
 q - 188 arrows
 E - 41 poisoned darts (quivered)
Armour
 y - a +0 buckler (worn)
 N - a +0 robe (worn)
Jewellery
 o - an amulet of regeneration (around neck)
 p - an uncursed ring of resist corrosion
 t - an uncursed ring of protection from cold
 w - an uncursed ring of positive energy
 C - a +3 amulet of reflection
 G - an uncursed ring of magical power
 I - a +6 ring of intelligence (left hand)
 J - a +2 ring of evasion (right hand)
 R - an uncursed amulet of magic regeneration
Wands
 x - a wand of paralysis (32)
 M - a wand of scattershot (8)
 U - a wand of flame (9)
Scrolls
 f - 2 scrolls of fear {unknown}
 h - 3 scrolls of enchant armour {unknown}
 i - 8 scrolls of teleportation
 j - 7 scrolls of remove curse {unknown}
 k - 2 scrolls of amnesia {unknown}
 l - 3 scrolls of blinking {unknown}
 m - 2 scrolls of random uselessness {unknown}
 F - a scroll of magic mapping {unknown}
 H - a scroll of immolation {unknown}
 K - a scroll of noise {unknown}
 L - 3 scrolls of fog {unknown}
 P - a scroll of holy word {unknown}
 S - a scroll of vulnerability {unknown}
 T - a scroll of acquirement {unknown}
Potions
 g - a potion of cancellation
 r - 4 potions of flight
 s - a potion of agility
 u - 8 potions of curing
 v - 4 potions of lignification
 z - 4 potions of haste
 A - a potion of berserk rage
 B - 3 potions of magic
 D - 3 potions of heal wounds
 O - a potion of brilliance
Comestibles
 d - 16 rations


   Skills:
 * Level 6.7 Fighting
 - Level 8.0 Short Blades
 - Level 10.0 Dodging
 + Level 15.9 Stealth
 * Level 6.0 Shields
 - Level 10.0 Spellcasting
 - Level 5.0 Hexes
 - Level 2.0 Translocations
 - Level 2.0 Ice Magic


You had 22 spell levels left.
You knew the following spells:

 Your Spells              Type           Power        Failure   Level  Hunger
a - Ensorcelled Hibernat  Hex/Ice        ####..       1%          2    None
b - Confuse               Hex            #####...     1%          3    None
c - Confusing Touch       Hex            #####.       1%          1    None
h - Blink                 Tloc           N/A          2%          2    None
p - Corona                Hex            #####..      1%          1    None

Your spell library contained the following spells:

 Spells                   Type           Power        Failure   Level  Hunger
 Apportation              Tloc           ####..       1%          1    None
 Slow                     Hex            #####...     1%          2    None
 Tukima's Dance           Hex            #####...     1%          3    None
 Animate Skeleton         Necr           N/A          4%          1    None
 Magic Dart               Conj           ##..         4%          1    None
 Summon Small Mammal      Summ           ##..         4%          1    None
 Dazzling Spray           Conj/Hex       ####..       4%          3    None
 Call Imp                 Summ           ##......     6%          2    None
 Conjure Flame            Conj/Fire      ##......     13%         3    None
 Mephitic Cloud           Conj/Pois/Air  ##......     13%         3    None
 Bolt of Magma            Conj/Fire/Erth ##........   75%         5    ###....
 Iskenderun's Battlesphe  Conj/Chrm      ##......     75%         5    ###....
 Venom Bolt               Conj/Pois      ##........   75%         5    ###....
 Iron Shot                Conj/Erth      ##........   100%        6    #####..
 Orb of Destruction       Conj           ##........   100%        7    ######.
 Spellforged Servitor     Conj/Summ      ##........   100%        7    ######.


Dungeon Overview and Level Annotations

Branches:
Dungeon (11/15)            Temple (1/1) D:4            Lair (2/6) D:11
    Orc (0/2) D:11          Sewer (visited)
  Swamp: Lair:2-4    Shoals: Lair:2-4     Snake: Lair:2-4    Spider: Lair:2-4

Altars:
Ashenzari
Cheibriados
Dithmenos
Elyvilon
Fedhas
Gozag
Hepliaklqana
Kikubaaqudgha
Makhleb
Nemelex Xobeh
Okawaru
Qazlal
Ru
Sif Muna
Trog
Uskayaw
Vehumet
Wu Jian
Xom
Yredelemnul
Zin
The Shining One

Annotations:
D:10 2 transporters, Ycaonaf's ghost, journeyman MiBe


Innate Abilities, Weirdness & Mutations

You are very small and have problems with some larger weapons.
You are too small for most types of armour.
You have supernaturally acute eyesight. (SInv)
You are a herbivore.
You cover ground extremely quickly.
You need to consume almost no food.


Message History

The catoblepas is moderately wounded.
You hit the catoblepas but do no damage.
Lightning courses through the catoblepas!
The catoblepas is moderately wounded.
The catoblepas closely misses you.
You hit the catoblepas but do no damage.
The catoblepas is moderately wounded.
The catoblepas gores you!!
You hit the catoblepas but do no damage.
The catoblepas is moderately wounded.
You hit the catoblepas.
The catoblepas is moderately wounded.
The catoblepas breathes a plume of calcifying dust at you.
The blast of calcifying dust hits you! The catoblepas completely misses you.
Casting: Confusing Touch (safe; 1% risk of failure)
Confirm with . or Enter, or press ? or * to list all spells.
Your hands begin to glow red.
The catoblepas gores you!!
You die...
Your body crumbles into a pile of gold.

#....+ ......#...##.... #...##
.....P.......#.......#.# #...P#
.....###.###.##...##.#.###...##
....... .#.##...§.....§......#
.................§....§.......#
.................§............#
.................§...........##
.................§...........##
##.@§)...........#
#..Y....#...#...#
#..#.+P#.#.#...##
#...#...$...#..#
....#...........#
P.#...#..$...#....#
......#...P...##..##
.###..##..#P### ..# . .####


You could see a catoblepas.

Vanquished Creatures
  Erica (D:8)
  A two-headed ogre (D:11)
  An unseen horror (D:11)
  Pikel (D:7)
  A deep elf mage (D:10)
  A black mamba (Lair:2)
  2 spiny frogs (Lair:1)
  3 centaur skeletons
  8 komodo dragons
  A troll (D:11)
  3 blink frogs (Lair:1)
  5 hippogriffs
  A shadow (D:11)
  2 wyverns
  A water elemental (D:11)
  22 yaks
  2 hungry ghosts
  8 water moccasins
  4 porcupines
  3 orc warriors (D:9)
  3 sky beasts
  2 necrophages
  A phantom (D:6)
  2 ice beasts
  2 black bears
  3 wolves (D:11)
  An eye of draining (D:11)
  4 ogres
  2 centaurs
  3 crocodiles
  10 bullfrogs
  2 scorpions
  10 killer bees
  2 electric eels
  10 crimson imps
  6 howler monkeys
  A centaur zombie (D:8)
  A bullfrog zombie (D:9)
  10 orc priests
  3 bullfrog skeletons
  2 jellies (D:11)
  5 hounds
  7 iguanas
  10 orc wizards
  10 worker ants
  2 hound zombies
  2 hound skeletons
  6 gnolls
  17 adders
  2 shadow imps
  8 oozes
  4 adder skeletons
  6 worms
  2 dart slugs
  4 leopard geckos
  32 orcs
  3 ball pythons
  5 giant cockroaches
  8 goblins
  9 hobgoblins
  7 jackals
  A quokka (D:7)
  12 bats
  8 frilled lizards
  9 kobolds
  A leopard gecko skeleton (D:4)
  5 rats
336 creatures vanquished.

Vanquished Creatures (others)
  A fungus (Lair:2)
1 creature vanquished.

Grand Total: 337 creatures vanquished

Notes
Turn   | Place    | Note
-------+----------+-------------------------------------------
     0 | D:1      | Kagalorn the Spriggan Enchanter began the quest for the
                  | Orb.
     0 | D:1      | Reached XP level 1. HP: 9/9 MP: 5/5
   306 | D:1      | Reached XP level 2. HP: 13/13 MP: 6/6
   361 | D:1      | Learned a level 2 spell: Ensorcelled Hibernation
   893 | D:1      | You fall into a shaft and drop 1 floor!
   986 | D:2      | Reached XP level 3. HP: 10/16 MP: 4/8
   991 | D:2      | Learned a level 3 spell: Confuse
  1023 | D:2      | Reached skill level 5 in Stealth
  1304 | D:2      | Reached XP level 4. HP: 8/21 MP: 0/10
  1607 | D:2      | Reached skill level 5 in Hexes
  1733 | D:2      | Found a bloodstained altar of Trog.
  2148 | D:3      | Learned a level 1 spell: Confusing Touch
  2573 | D:3      | Reached skill level 1 in Ice Magic
  2573 | D:3      | Reached XP level 5. HP: 18/24 MP: 12/12
  2686 | D:4      | Reached skill level 6 in Stealth
  2752 | D:4      | Found a glowing drain.
  2808 | Sewer    | Entered a sewer
  2866 | Sewer    | Reached skill level 5 in Spellcasting
  3716 | Sewer    | Reached XP level 6. HP: 15/28 MP: 0/14
  4095 | D:4      | Reached skill level 7 in Stealth
  4218 | D:4      | Found a stormy altar of Qazlal.
  4441 | D:4      | Found a staircase to the Ecumenical Temple.
  4450 | Temple   | Entered the Ecumenical Temple
  4814 | D:5      | Entered Level 5 of the Dungeon
  4989 | D:5      | Reached XP level 7. HP: 22/32 MP: 12/17
  5021 | D:5      | Reached skill level 8 in Stealth
  5134 | D:5      | Found a bloodstained altar of Trog.
  5370 | D:5      | Found an opulent altar of Gozag.
  5405 | D:5      | Became a worshipper of Gozag Ym Sagoz the Greedy
  5509 | D:5      | Learned a level 2 spell: Blink
  5664 | D:5      | Reached skill level 9 in Stealth
  5664 | D:5      | Reached skill level 1 in Translocations
  5912 | D:6      | Reached XP level 8. HP: 25/36 MP: 17/20
  5992 | D:6      | Reached skill level 10 in Stealth
  7014 | D:7      | Reached skill level 10 in Spellcasting
  7035 | D:7      | Reached skill level 1 in Fighting
  7035 | D:7      | Reached skill level 1 in Shields
  7106 | D:7      | Reached XP level 9. HP: 41/41 MP: 24/24
  7341 | D:7      | Noticed Pikel
  7373 | D:7      | Killed Pikel
  7373 | D:7      | Reached skill level 5 in Dodging
  8063 | D:8      | Reached skill level 5 in Short Blades
  8187 | D:8      | Noticed Erica
  8200 | D:8      | Killed Erica
  8200 | D:8      | Reached XP level 10. HP: 35/49 MP: 23/25
  9340 | D:9      | Found a shimmering blue altar of Sif Muna.
  9732 | D:9      | Reached skill level 10 in Dodging
  9769 | D:10     | Entered Level 10 of the Dungeon
  9976 | D:10     | Found a transporter.
  9978 | D:10     | Found a transporter.
  9978 | D:10     | Identified the +4 great sword "Igi Yme" {vamp, +Rage rN+
                  | Str-2}
  9978 | D:10     | Noticed a tengu warrior
  9980 | D:10     | Found a bloodstained altar of Trog.
  9980 | D:10     | Noticed Ycaonaf's ghost (journeyman MiBe)
  9980 | D:10     | Noticed a moth of wrath
  9991 | D:10     | Identified the +4 executioner's axe "Akufesk" {freeze,
                  | rPois rF- Int-5 Stlth+}
  9991 | D:10     | Noticed an orc knight
 10090 | D:10     | Noticed a deep elf mage
 10129 | D:10     | Identified the cursed +5 giant club "Jellybane" {flame,
                  | +Inv rN+ MR- Str+3}
 10129 | D:10     | Noticed a two-headed ogre
 10167 | D:10     | Killed a deep elf mage
 10180 | D:10     | Reached XP level 11. HP: 51/54 MP: 26/26
 10265 | D:10     | Reached skill level 5 in Fighting
 10812 | D:11     | Noticed an unseen horror
 10827 | D:11     | Killed an unseen horror
 10882 | D:11     | Found a staircase to the Lair.
 10994 | D:11     | Noticed a two-headed ogre
 10997 | D:11     | Killed a two-headed ogre
 10997 | D:11     | Reached skill level 11 in Stealth
 11379 | D:11     | Reached skill level 12 in Stealth
 11491 | D:11     | Reached skill level 5 in Shields
 11948 | D:11     | Found a staircase to the Orcish Mines.
 12001 | Lair:1   | Entered Level 1 of the Lair of Beasts
 12223 | Lair:1   | Reached skill level 13 in Stealth
 12456 | Lair:1   | Reached skill level 14 in Stealth
 12740 | Lair:1   | Reached XP level 12. HP: 62/62 MP: 27/27
 13083 | Lair:2   | Reached skill level 15 in Stealth
 13567 | Lair:2   | Noticed a catoblepas
 13590 | Lair:2   | Slain by a catoblepas

Levels and vault maps discovered:
D:1:      dpeg_arrival_pond, layout_basic
D:2:      layout_loops_ring, lemuel_coloured_pillars_altar
D:3:      layout_loops_ring, first_ration
D:4:      layout_loops_ring, grunt_qazlal_sundering, lemuel_temple_firewalk_b,
          gup_sewer_entry_glass
D:5:      layout_loops_ring, nicolae_gozag_cash_rules_everything_around_me,
          trog_butcher_becter
D:6:      layout_basic, kennysheep_generic_room_11
D:7:      layout_cave_pools, uniq_pikel
D:8:      layout_rooms, uniq_erica
D:9:      layout_irregular_city, led_sif_pool
D:10:     layout_basic, gammafunk_ghost_wrathful_warriors
D:11:     layout_basic, erik_lair_island, orc_0_dummy
Temple:   regret_index_temple_mists
Lair:1:   layout_regular_city, serial_bayou_ford_a, beast_lair_carwin_8
Lair:2:   layout_regular_city

Skill      XL: |  1  2  3  4  5  6  7  8  9 10 11 12 |
---------------+-------------------------------------+-----
Hexes          | 4 5 |  5.0
Spellcasting   | 3 4 5 6 7 10 | 10.0
Stealth        | 5 6 7 9 10 14 15 | 15.9
Ice Magic      | 1 2 |  2.0
Translocations | 1 2 |  2.0
Fighting       | 1 3 4 6 |  6.7
Short Blades   | 2 5 8 |  8.0
Dodging        | 4 7 10 | 10.0
Shields        | 1 3 4 5 6 |  6.0

Action                   |  1- 3 |  4- 6 |  7- 9 | 10-12 || total
-------------------------+-------+-------+-------+-------++-------
Melee: Dagger            |   147 |   273 |   403 |    68 ||   891
       Short sword       |       |       |       |   558 ||   558
Throw: Dart              |       |       |       |     3 ||     3
 Cast: Ensorcelled Hiber |    21 |    59 |    31 |    70 ||   181
       Confusing Touch   |       |     3 |    40 |    95 ||   138
       Confuse           |       |       |       |     2 ||     2
  Use: Potion            |       |     3 |       |       ||     3
       Scroll            |       |       |       |    12 ||    12
 Stab: Sleeping          |    16 |    45 |    46 |    57 ||   164
       Confused          |       |     1 |    35 |    67 ||   103
       Distracted        |       |       |     1 |     3 ||     4
  Eat: Ration            |       |     1 |     2 |     3 ||     6
Armor: Robe              |    14 |    56 |    15 |     4 ||    89
Dodge: Dodged            |   124 |   284 |   290 |   275 ||   973
Block: Buckler           |       |       |       |   115 ||   115

Table legend:
 A = Non-vault XP
 B = Vault XP
 C = Vault XP percentage of total XP
 D = Non-vault monster count
 E = Vault monster count
 F = Vault count percentage of total count
                 A         B        C        D         E       F
            +---------+---------+-------+---------+---------+-------
      Total |   21895 |    4770 |  17.9 |     284 |      52 |  15.5
            +---------+---------+-------+---------+---------+-------
        D:1 |      37 |       0 |   0.0 |      23 |       0 |   0.0
        D:2 |     131 |       0 |   0.0 |      24 |       0 |   0.0
        D:3 |      71 |       0 |   0.0 |       8 |       0 |   0.0
        D:4 |     230 |      44 |  16.1 |      11 |       5 |  31.2
        D:5 |     589 |       8 |   1.3 |      21 |       4 |  16.0
        D:6 |    1232 |       0 |   0.0 |      34 |       0 |   0.0
        D:7 |     945 |     641 |  40.4 |      14 |       1 |   6.7
        D:8 |     665 |     929 |  58.3 |       8 |       1 |  11.1
        D:9 |    4480 |       0 |   0.0 |      47 |       0 |   0.0
       D:10 |    1613 |       0 |   0.0 |      18 |       0 |   0.0
       D:11 |    3784 |     829 |  18.0 |      36 |       8 |  18.2
     Lair:1 |    3937 |    2235 |  36.2 |      19 |       8 |  29.6
     Lair:2 |    4181 |       0 |   0.0 |      21 |       0 |   0.0
      Sewer |       0 |      84 | 100.0 |       0 |      25 | 100.0
            +---------+---------+-------+---------+---------+-------
